AoeStats
← Simon Stokvis

Arena

505695144Analyzed
4v4 RM · 22d ago on Sep 10, 2026· 48m 29s· 8 players
Game mode
Random Map
Map size
Large (8 player)
Population
200
Speed
Normal
Resources
Standard
Victory
Conquest
Starting age
Dark Age
Ending age
Imperial Age
RankedLock teamsTeams togetherTeam positionsShared explorationLock speedFull tech treeHidden civsTurbo modeCheats
Victory
Defeat
🇵🇹 Portuguese · Portugal
1653
+9
🇨🇴 Wei · Colombia
1628
+10
1368
+20
🇩🇪 Burmese · Germany
1366
+20
🇳🇱 Khmer · Netherlands
1535
-17
1507
-16
🇫🇷 Koreans · France
1453
-14
🇨🇳 Mongols · China
1402
-12
The REAL Pepsiman
10:58 Feudal Age
12:51 Double-Bit Axe
15:55 Castle Age
17:57 Wheelbarrow
17:35 Bow Saw
20:11 Horse Collar
23:35 Loom
24:10 Hand Cart
26:28 Gold Mining
27:11 Fletching
30:48 Imperial Age
28:50 Scale Mail Armor
29:01 Forging
30:01 Squires
29:48 Gambesons
30:21 Chain Mail Armor
32:08 Conscription
32:09 Shinkichon
31:18 Heavy Rocket Cart
33:05 Gold Shaft Mining
32:05 Elite Fire Lancer
33:19 Plate Mail Armor
33:13 Siege Engineers
37:23 Iron Casting
37:26 Capped Ram
38:31 Masonry
38:02 Treadmill Crane
38:37 Heavy Plow
40:05 Chemistry
Simon Stokvis
10:35 Feudal Age
13:19 Castle Age
35:30 Town Watch
35:31 Loom
36:52 Double-Bit Axe
41:40 Imperial Age
40:30 Ballistics
40:57 Wheelbarrow
42:21 Double Crossbow
42:31 Siege Engineers
43:27 Chemistry
41:48 Heavy Scorpion
Yucatan_water_supremacy
5:48 Loom
5:54 Loom
9:01 Feudal Age
10:26 Town Watch
11:12 Fletching
19:32 Wheelbarrow
18:54 Double-Bit Axe
32:04 Castle Age
37:10 Imperial Age
35:05 Fortified Wall
35:53 Fervor
38:18 Sanctity
38:17 Block Printing
40:07 Illumination
40:23 Bow Saw
41:48 Sanctity
41:32 Squires
40:52 Pikeman
42:53 Theocracy
43:08 Redemption
44:14 Theocracy
45:06 Onager
别打我了
10:12 Feudal Age
14:13 Castle Age
12:33 Double-Bit Axe
13:18 Horse Collar
17:06 Bow Saw
22:03 Wheelbarrow
23:16 Loom
23:30 Stone Mining
23:31 Gold Mining
23:49 Heavy Plow
25:13 Hand Cart
30:06 Imperial Age
28:35 Stone Shaft Mining
28:26 Bloodlines
28:13 Fletching
29:55 Ballistics
30:00 Husbandry
29:23 Light Cavalry
31:23 Conscription
30:25 Hussar
31:44 Bodkin Arrow
31:50 Padded Archer Armor
32:32 Scale Barding Armor
32:29 Bracer
32:35 Scale Barding Armor
32:40 Forging
32:31 Padded Archer Armor
35:27 Chemistry
35:05 Murder Holes
35:22 Elite Mangudai
37:01 Leather Archer Armor
37:02 Heavy Camel Rider
38:04 Masonry
38:43 Chain Barding Armor
38:58 Iron Casting
Smiling Cat | 웃는 고양이
0:29 Loom
9:56 Feudal Age
8:18 Loom
14:16 Castle Age
15:47 Loom
21:27 Fletching
24:39 Bodkin Arrow
30:07 Double-Bit Axe
32:09 Wheelbarrow
32:46 Horse Collar
33:57 Padded Archer Armor
38:08 Imperial Age
38:02 Ballistics
38:31 Hand Cart
38:57 Bracer
39:59 Chemistry
39:17 Elite Chu Ko Nu
40:14 Gold Mining
40:37 Bow Saw
41:14 Capped Ram
42:24 Leather Archer Armor
43:25 Siege Ram
RandomBlobfish
10:33 Feudal Age
10:08 Loom
14:29 Castle Age
13:05 Horse Collar
23:33 Wheelbarrow
24:10 Heavy Plow
25:03 Gold Mining
26:55 Gold Shaft Mining
26:42 Hand Cart
26:12 Town Watch
31:31 Imperial Age
29:09 Scale Barding Armor
29:15 Bloodlines
29:06 Husbandry
29:57 Stone Mining
31:01 Chain Barding Armor
30:51 Forging
32:14 Howdah
32:50 Plate Barding Armor
32:50 Iron Casting
31:44 Elite Battle Elephant
35:41 Blast Furnace
38:15 Chemistry
37:34 Devotion
39:56 Siege Engineers
39:53 Light Cavalry
44:11 Guilds
43:25 Hussar
44:06 Manipur Cavalry
44:27 Conscription
46:45 Faith
47:52 Masonry
47:53 Fortified Wall
48:05 Ballistics
Kold
10:37 Feudal Age
14:27 Castle Age
12:33 Double-Bit Axe
13:22 Horse Collar
15:49 Bow Saw
19:44 Fletching
22:06 Loom
23:22 Heavy Plow
23:41 Redemption
25:14 Sanctity
28:11 Wheelbarrow
30:29 Hand Cart
34:24 Imperial Age
34:15 Gold Mining
34:17 Stone Mining
34:30 Bodkin Arrow
35:16 Bracer
36:22 Chemistry
35:43 Ballistics
35:30 Siege Engineers
35:21 Town Watch
36:53 Conscription
37:06 Elite Organ Gun
39:41 Arquebus
42:46 Treadmill Crane
43:16 Masonry
43:10 Scale Mail Armor
43:21 Forging
44:18 Stone Shaft Mining
44:38 Pikeman
ELEG | IronLeg
10:50 Feudal Age
14:41 Castle Age
13:04 Loom
14:51 Light Cavalry
16:05 Double-Bit Axe
25:58 Wheelbarrow
25:05 Horse Collar
25:15 Gold Mining
29:10 Heavy Plow
29:07 Town Watch
30:05 Scale Barding Armor
30:11 Forging
30:19 Bloodlines
31:51 Chain Barding Armor
31:55 Gold Mining
35:34 Imperial Age
33:43 Gold Shaft Mining
32:58 Stone Mining
33:42 Forging
33:46 Husbandry
35:08 Iron Casting
35:48 Heavy Hei Guang Cavalry
37:36 Blast Furnace
37:01 Conscription
37:25 Hand Cart
37:55 Ming Guang Armor
37:51 Stone Mining
38:12 Bow Saw
38:30 Town Patrol
39:07 Crop Rotation
39:48 Stone Shaft Mining
43:26 Sanctity
43:18 Fervor
46:52 Ballistics
47:33 Chemistry
46:44 Masonry
46:14 Treadmill Crane
Connection lost

Rejoining the realm…

Still unreachable

The connection could not be restored.

Session expired

The server has moved on; the page needs a fresh start.